[ PARTIDA AOE2 · #495362206 ]
UnrankedBúlgaros vs Mongols
Equipo del jugador · DERR
Equipo rival · VICT
[ ANÁLISIS DE REPETICIÓN · EXTRAÍDO DE LA PARTIDA GRABADA ]
Feudal
10:47
Castillos
15:42
Imperial
—
| APM promedio | 65.5 |
| APM pico | 104 |
| eAPM promedio | 34.9 |
| Aldeanos / militares | 42 / 4 |
Foco
⚔️ 23.4% · 🌾 76.6%
Mangonel ×4
Feudal
8:18
Castillos
19:49
Imperial
—
| APM promedio | 56.5 |
| APM pico | 89 |
| eAPM promedio | 19.3 |
| Aldeanos / militares | 54 / 25 |
Foco
⚔️ 37.1% · 🌾 62.9%
Archer ×22 · Mangudai ×2 · Spearman ×1
Mapa de la partida
Recursos iniciales + cada clic de construcción. Líneas = muros · curvas = relieve. ◆ oro · ⬟ piedra · ● bayas · ✦ reliquia · ◌ hueco del cierre
Tu base· Abierta — hueco de 10t
Base de Don't Worry Be Happy· Abierta — hueco de 9t
Terreno inicial suavizado · ◌ = hueco del cierre detectado · pasá el cursor para detalles
Inputs por minuto
— Exe.K>K - - Don't Worry Be Happy
Build order — Exe.K>K
93 acciones detectadas en el replay
| 0:04 | Construir | Town Center |
| 1:07 | Encolar | Villager (Male) |
| 1:12 | Encolar | Villager (Male) |
| 1:18 | Encolar | Villager (Male) |
| 1:19 | Encolar | Villager (Male) |
| 1:44 | Encolar | Villager (Male) |
| 1:44 | Encolar | Villager (Male) |
| 2:06 | Construir | Lumber Camp |
| 2:28 | Encolar | Villager (Male) |
| 2:28 | Encolar | Villager (Male) |
| 2:59 | Encolar | Villager (Male) |
| 2:59 | Encolar | Villager (Male) |
| 3:22 | Encolar | Villager (Male) |
| 3:22 | Encolar | Villager (Male) |
| 3:49 | Encolar | Villager (Male) |
| 3:49 | Encolar | Villager (Male) |
| 4:13 | Encolar | Villager (Male) |
| 5:18 | Construir | Mill |
| 5:27 | Encolar | Villager (Male) |
| 5:29 | Encolar | Villager (Male) |
| 5:30 | Encolar | Villager (Male) |
| 5:30 | Encolar | Villager (Male) |
| 5:31 | Encolar | Villager (Male) |
| 5:34 | Encolar | Villager (Male) |
| 5:50 | Encolar | Villager (Male) |
| 6:18 | Construir | House |
| 6:47 | Construir | Barracks |
| 6:52 | Construir | Barracks |
| 6:55 | Construir | Palisade Wall |
| 6:58 | Encolar | Villager (Male) |
| 7:50 | Construir | Mining Camp |
| 7:52 | Construir | House |
| 7:54 | Construir | Palisade Wall |
| 8:07 | Investigar | Feudal Age |
| 8:23 | Investigar | Loom |
| 8:33 | Construir | Palisade Wall |
| 8:34 | Construir | Palisade Wall |
| 8:39 | Construir | Palisade Wall |
| 8:52 | Construir | Palisade Wall |
| 8:53 | Construir | Palisade Wall |
| 8:54 | Construir | Palisade Wall |
| 8:57 | Construir | Palisade Wall |
| 8:59 | Construir | Palisade Wall |
| 10:29 | Encolar | Villager (Male) |
| 10:47 | Edad | Edad Feudal |
| 10:53 | Construir | Watch Tower |
| 11:01 | Construir | Market |
| 11:42 | Encolar | Villager (Male) |
| 12:09 | Encolar | Villager (Male) |
| 12:21 | Construir | Blacksmith |
| 13:02 | Investigar | Castle Age |
| 13:02 | Investigar | Castle Age |
| 13:59 | Construir | House |
| 14:01 | Construir | Palisade Wall |
| 14:02 | Construir | Palisade Wall |
| 14:46 | Construir | Palisade Wall |
| 15:41 | Encolar | Villager (Male) |
| 15:42 | Edad | Edad de los Castillos |
| 15:43 | Construir | Town Center |
| 15:55 | Construir | House |
| 16:35 | Encolar | Villager (Male) |
| 16:36 | Encolar | Villager (Male) |
| 16:36 | Encolar | Villager (Male) |
| 16:46 | Construir | Farm |
| 16:46 | Construir | Farm |
| 16:49 | Construir | Farm |
| 16:52 | Construir | Farm |
| 17:27 | Construir | Siege Workshop |
| 18:20 | Encolar | Mangonel |
| 18:20 | Encolar | Villager (Male) |
| 18:21 | Encolar | Villager (Male) |
| 18:25 | Construir | Farm |
| 18:37 | Construir | Farm |
| 18:52 | Construir | Town Center |
| 19:00 | Encolar | Villager (Male) |
| 19:03 | Encolar | Villager (Male) |
| 19:06 | Construir | Palisade Wall |
| 19:20 | Encolar | Mangonel |
| 19:21 | Encolar | Mangonel |
| 19:22 | Encolar | Villager (Male) |
| 19:22 | Encolar | Villager (Male) |
| 19:50 | Encolar | Villager (Male) |
| 19:50 | Encolar | Villager (Male) |
| 19:51 | Construir | Farm |
| 19:52 | Construir | Farm |
| 20:04 | Encolar | Villager (Male) |
| 20:04 | Encolar | Villager (Male) |
| 20:06 | Construir | House |
| 20:07 | Construir | House |
| 21:12 | Encolar | Villager (Male) |
| 21:12 | Encolar | Villager (Male) |
| 21:16 | Construir | Town Center |
| 21:23 | Encolar | Mangonel |
Build order — Don't Worry Be Happy
114 acciones detectadas en el replay
| 0:05 | Construir | Town Center |
| 1:08 | Encolar | Villager (Male) |
| 1:08 | Encolar | Villager (Male) |
| 1:08 | Encolar | Villager (Male) |
| 1:09 | Encolar | Villager (Male) |
| 1:31 | Construir | Mill |
| 1:40 | Construir | Lumber Camp |
| 1:54 | Encolar | Villager (Male) |
| 1:54 | Encolar | Villager (Male) |
| 2:51 | Encolar | Villager (Male) |
| 2:52 | Encolar | Villager (Male) |
| 2:57 | Encolar | Villager (Male) |
| 3:47 | Encolar | Villager (Male) |
| 3:47 | Encolar | Villager (Male) |
| 3:52 | Encolar | Villager (Male) |
| 3:52 | Encolar | Villager (Male) |
| 3:55 | Encolar | Villager (Male) |
| 4:11 | Encolar | Villager (Male) |
| 4:30 | Encolar | Villager (Male) |
| 4:55 | Construir | Mill |
| 4:58 | Encolar | Villager (Male) |
| 5:33 | Investigar | Loom |
| 5:56 | Investigar | Feudal Age |
| 6:21 | Construir | Mining Camp |
| 6:36 | Encolar | Villager (Male) |
| 7:15 | Construir | Barracks |
| 7:40 | Construir | House |
| 7:55 | Encolar | Villager (Male) |
| 8:18 | Edad | Edad Feudal |
| 8:28 | Construir | Archery Range |
| 8:41 | Encolar | Villager (Male) |
| 8:46 | Investigar | Double-Bit Axe |
| 9:10 | Encolar | Archer |
| 9:10 | Encolar | Archer |
| 9:11 | Encolar | Villager (Male) |
| 9:11 | Encolar | Villager (Male) |
| 9:18 | Encolar | Archer |
| 9:19 | Encolar | Villager (Male) |
| 9:26 | Encolar | Villager (Male) |
| 9:35 | Encolar | Villager (Male) |
| 10:03 | Construir | Blacksmith |
| 10:04 | Construir | House |
| 10:10 | Construir | House |
| 10:13 | Encolar | Archer |
| 10:13 | Encolar | Villager (Male) |
| 10:24 | Encolar | Archer |
| 10:26 | Construir | House |
| 10:27 | Construir | House |
| 10:39 | Encolar | Spearman |
| 10:49 | Encolar | Archer |
| 10:50 | Encolar | Villager (Male) |
| 10:59 | Investigar | Fletching |
| 11:22 | Encolar | Villager (Male) |
| 11:29 | Construir | Lumber Camp |
| 11:30 | Encolar | Villager (Male) |
| 12:06 | Encolar | Villager (Male) |
| 12:08 | Encolar | Archer |
| 12:08 | Encolar | Archer |
| 12:21 | Construir | House |
| 12:21 | Construir | House |
| 12:23 | Encolar | Villager (Male) |
| 12:26 | Encolar | Villager (Male) |
| 12:48 | Encolar | Archer |
| 13:11 | Encolar | Villager (Male) |
| 13:12 | Encolar | Archer |
| 13:14 | Encolar | Villager (Male) |
| 13:29 | Encolar | Villager (Male) |
| 13:49 | Investigar | Padded Archer Armor |
| 13:50 | Encolar | Villager (Male) |
| 13:51 | Encolar | Archer |
| 13:57 | Construir | Market |
| 14:00 | Construir | House |
| 14:03 | Encolar | Villager (Male) |
| 14:14 | Encolar | Archer |
| 14:15 | Encolar | Archer |
| 14:23 | Encolar | Archer |
| 14:30 | Encolar | Villager (Male) |
| 14:41 | Construir | Mining Camp |
| 14:46 | Encolar | Villager (Male) |
| 14:58 | Encolar | Archer |
| 14:59 | Encolar | Villager (Male) |
| 15:09 | Encolar | Archer |
| 15:18 | Encolar | Villager (Male) |
| 15:31 | Encolar | Villager (Male) |
| 15:32 | Encolar | Archer |
| 15:57 | Encolar | Archer |
| 15:58 | Encolar | Villager (Male) |
| 16:03 | Encolar | Villager (Male) |
| 16:44 | Encolar | Villager (Male) |
| 16:45 | Encolar | Villager (Male) |
| 16:49 | Investigar | Castle Age |
| 16:57 | Encolar | Villager (Male) |
| 17:07 | Encolar | Villager (Male) |
| 17:09 | Encolar | Archer |
| 17:09 | Encolar | Archer |
| 18:01 | Encolar | Archer |
| 18:01 | Encolar | Archer |
| 18:07 | Encolar | Villager (Male) |
| 18:18 | Construir | Stable |
| 18:54 | Construir | Mill |
| 19:02 | Encolar | Villager (Male) |
| 19:07 | Investigar | Bloodlines |
| 19:27 | Encolar | Villager (Male) |
| 19:49 | Edad | Edad de los Castillos |
| 19:49 | Encolar | Villager (Male) |
| 19:58 | Construir | Castle |
| 20:07 | Investigar | Crossbowman (upgrade) |
| 20:08 | Investigar | Bodkin Arrow |
| 20:36 | Construir | Mining Camp |
| 21:11 | Encolar | Villager (Male) |
| 21:11 | Encolar | Villager (Male) |
| 21:25 | Encolar | Mangudai |
| 21:25 | Encolar | Mangudai |
| 21:31 | Construir | Siege Workshop |
Cronología de la partida
| 6:47 | Exe.K>K · first_building Barracks |
| 6:55 | Exe.K>K · wall_segment Palisade Wall x2 |
| 7:15 | Don't Worry Be Happy · first_building Barracks |
| 7:54 | Exe.K>K · wall_segment Palisade Wall x6 |
| 8:18 | Don't Worry Be Happy · age_up feudal |
| 8:28 | Don't Worry Be Happy · first_building Archery Range |
| 8:33 | Exe.K>K · wall_segment Palisade Wall x2 |
| 8:34 | Exe.K>K · wall_segment Palisade Wall x1 |
| 8:39 | Exe.K>K · wall_segment Palisade Wall x4 |
| 8:52 | Exe.K>K · wall_segment Palisade Wall x1 |
| 8:53 | Exe.K>K · wall_segment Palisade Wall x1 |
| 8:54 | Exe.K>K · wall_segment Palisade Wall x1 |
| 8:57 | Exe.K>K · wall_segment Palisade Wall x1 |
| 8:59 | Exe.K>K · wall_segment Palisade Wall x1 |
| 10:47 | Exe.K>K · age_up feudal |
| 12:16 | Exe.K>K · first_market_buy 100 wood |
| 12:17 | Exe.K>K · first_market_sell 100 food |
| 14:01 | Exe.K>K · wall_segment Palisade Wall x1 |
| 14:02 | Exe.K>K · wall_segment Palisade Wall x1 |
| 14:46 | Exe.K>K · wall_segment Palisade Wall x1 |
| 15:22 | Don't Worry Be Happy · first_market_sell 100 wood |
| 15:24 | Don't Worry Be Happy · first_market_buy 100 food |
| 15:42 | Exe.K>K · age_up castle |
| 17:27 | Exe.K>K · first_building Siege Workshop |
| 18:18 | Don't Worry Be Happy · first_building Stable |
| 19:06 | Exe.K>K · wall_segment Palisade Wall x1 |
| 19:49 | Don't Worry Be Happy · age_up castle |
| 19:58 | Don't Worry Be Happy · first_building Castle |
| 21:31 | Don't Worry Be Happy · first_building Siege Workshop |
| 21:39 | Exe.K>K · resign |
[ ANÁLISIS IA · 1 CRÉDITO ]
¿Qué pasó realmente en esta partida?
Wolo.gg analiza cada decisión: build order, eco, micro, errores típicos por bracket. Análisis personalizado por WhatsApp o Discord en 30 segundos.
Guía civ
Búlgaros
Perfil
Jugador #25808322